 Dungeon Crawl Stone Soup version 0.17-a0-1731-g129c023 (webtiles) character file.

372 George the Carver (level 6, -4/50 HPs)
             Began as a Minotaur Gladiator on Aug 29, 2015.
             Slain by 4thArraOfDagon's ghost (5 damage)
             ... on level 4 of the Dungeon.
             The game lasted 00:05:01 (2797 turns).

George the Carver (Minotaur Gladiator)              Turns: 2797, Time: 00:05:02

Health: -4/50      AC: 11    Str: 19    XL:     6   Next: 43%
Magic:  5/5        EV:  3    Int:  5    God:
Gold:   147        SH:  0    Dex: 13    Spells: 0 memorised, 5 levels left

rFire  . . .     SeeInvis .     a - +0 long sword
rCold  . . .     Clarity  .     x - +0 chain mail
rNeg   . . .     SustAt   .     (no shield)
rPois  .         Gourm    .     c - +0 hat
rElec  .         Spirit   .     w - +1 cloak
rCorr  .         Warding  .     y - +0 pair of gloves
rMut   .         Stasis   .     (no boots)
MR     .....                    (no amulet)
Stlth  ..........               (no ring)
                                (no ring)

@: not resistant to hostile enchantments, extremely unstealthy
A: retaliatory headbutt, horns 2
a: no special abilities


You were on level 4 of the Dungeon.
You were not hungry.

You visited 1 branch of the dungeon, and saw 4 of its levels.

You collected 147 gold pieces.

Inventory:

Hand weapons
 a - a +0 long sword (weapon)
Missiles
 d - 3 throwing nets (quivered)
Armour
 c - a +0 hat (worn)
 w - a +1 cloak (worn)
 x - a +0 chain mail (worn)
 y - a +0 pair of gloves (worn)
Scrolls
 f - a scroll of fog {unknown}
 g - 2 scrolls of enchant armour {unknown}
 h - a scroll of noise {unknown}
 j - 2 scrolls of identify {unknown}
 m - a scroll of teleportation {unknown}
 s - a scroll of remove curse {unknown}
 u - 2 scrolls of blinking {unknown}
 v - a scroll of enchant weapon {unknown}
Potions
 i - a potion of heal wounds {unknown}
 n - a potion of curing {unknown}
 o - a potion of cure mutation {unknown}
 p - a potion of degeneration {unknown}
 q - a potion of brilliance {unknown}
 z - a potion of flight {unknown}
Comestibles
 e - 2 bread rations
 l - a slice of pizza
 t - a meat ration


   Skills:
 - Level 2.4 Fighting
 + Level 8.8 Long Blades
 - Level 2.0 Throwing
 - Level 3.2 Dodging


You had 5 spell levels left.
You didn't know any spells.

Dungeon Overview and Level Annotations

Branches:
Dungeon (4/15)
 Temple: D:4-7

Altars:
Qazlal

Annotations:
D:4 4thArraOfDagon's ghost, average MiBe


Innate Abilities, Weirdness & Mutations

You reflexively headbutt those who attack you in melee.
You have a pair of horns on your head.


Message History

You slash 4thArraOfDagon's ghost! 4thArraOfDagon's ghost is severely damaged. 4thArraOfDagon's ghost hits you.
You hit 4thArraOfDagon's ghost. 4thArraOfDagon's ghost is severely damaged. 4thArraOfDagon's ghost hits you!
* * * LOW HITPOINT WARNING * * *
You completely miss 4thArraOfDagon's ghost.
Your headbutt misses 4thArraOfDagon's ghost. 4thArraOfDagon's ghost is severely damaged. 4thArraOfDagon's ghost barely misses you.
You slash 4thArraOfDagon's ghost! 4thArraOfDagon's ghost is almost destroyed. 4thArraOfDagon's ghost closely misses you.
You completely miss 4thArraOfDagon's ghost. 4thArraOfDagon's ghost is almost destroyed. 4thArraOfDagon's ghost hits you!
* * * LOW HITPOINT WARNING * * *
4thArraOfDagon's ghost hits you.
You die...

##....##
##......##
#........##
..........#
......c...######
..........#...@#
.........##..W.#
#......(###....#
#.#......##....#
###.##.).....#
#. ####.[..# #
#......#
....#....#
.....#....#


You could see 4thArraOfDagon's ghost.

Vanquished Creatures
  A centaur (D:4)
  2 hounds (D:2)
  An iguana (D:4)
  3 adders
  9 gnolls
  2 oozes (D:3)
  2 worms
  3 giant geckos
  An orc (D:3)
  6 giant cockroaches
  7 hobgoblins
  6 jackals
  8 bats
  3 giant newts
  11 goblins
  10 kobolds
  8 rats
83 creatures vanquished.

Notes
Turn   | Place    | Note
--------------------------------------------------------------
     0 | D:1      | George the Minotaur Gladiator began the quest for the Orb.
     0 | D:1      | Reached XP level 1. HP: 18/18 MP: 0/0
    61 | D:1      | Reached skill level 4 in Long Blades
    61 | D:1      | Reached XP level 2. HP: 18/25 MP: 1/1
   558 | D:1      | Reached skill level 5 in Long Blades
   577 | D:1      | Reached XP level 3. HP: 22/30 MP: 2/2
   902 | D:2      | Found a stormy altar of Qazlal.
  1050 | D:2      | Reached XP level 4. HP: 24/37 MP: 3/3
  1161 | D:2      | Found a faded altar to an unknown god.
  1235 | D:2      | Reached skill level 6 in Long Blades
  1608 | D:2      | Reached skill level 7 in Long Blades
  1608 | D:2      | Reached XP level 5. HP: 36/42 MP: 4/4
  2103 | D:3      | Reached skill level 8 in Long Blades
  2752 | D:4      | Noticed a centaur
  2765 | D:4      | Noticed 4thArraOfDagon's ghost (average MiBe)
  2766 | D:4      | Reached XP level 6. HP: 30/50 MP: 5/5
  2770 | D:4      | Killed a centaur
  2796 | D:4      | HP: 1/50 [4thArraOfDagon's ghost (9)]
  2797 | D:4      | Slain by 4thArraOfDagon's ghost

Vault maps used:
D:1:      dpeg_arrival_simpleton_a
D:2:      nicolae_overflow_crystal_walls, ecumenical_altar_1,
          cheibrodos_gnoll_hut
D:3:      first_bread
D:4:      forest_paths, nicolae_gozag_cash_rules_everything_around_me

Action                   |  1- 3 |  4- 6 || total
-------------------------+-------+-------++-------
Melee: Long sword        |    62 |   160 ||   222
  Eat: Chunk             |       |     6 ||     6
